Cogmind - Beta 14 @@@ ROGUE MODE // 2024.08.08 @ 19:41:59 Player: DBrickShaw Result: Destroyed by G9-P40(R) with Subdweller Laser Performance ------------- Evolutions (0) 0 Regions Visited (3) 600 Robots Destroyed (34) 170 Value Destroyed (481) 481 Prototype IDs (1) 20 Alien Tech Used (0) 0 Bonus (-140) -140 TOTAL SCORE: 1131 Bonus ------- Follower Combat Kills 86 Friendly Fire -226 Cogmind --------- Core Integrity 0/250 Matter 300/300 Energy 99/100 System Corruption 0% Temperature Cool (6) Movement Core (50) Location -10/Subcaves Parts ------- > --- POWER (1) -------- (None) > --- PROPULSION (2) --- (None) > --- UTILITY (2) ------ (None) > --- WEAPON (2) ------- (None) > --- INVENTORY (5) ---- Light Treads Improved Aluminum Leg Cooling System Utility Shielding Light Cannon Peak State ------------ > --- POWER ------------ Makeshift Power Source > --- PROPULSION ------- Improved Aluminum Leg Improved Aluminum Leg > --- UTILITY ---------- High-capacity Storage Unit Light Armor Plating > --- WEAPON ----------- Spread Laser Spread Laser > --- INVENTORY -------- Ion Engine Improved Ion Engine Light Treads Light Treads Improved Aluminum Leg Improved Aluminum Leg Cooling System Small Battery High-capacity Matter Pod Utility Shielding Improved EM Shotgun Improved EM Shotgun Spread Laser Light Cannon Light Cannon Grenade Launcher Grenade Launcher Rocket Launcher Mining Laser Blade Trap [Rating: 17] Favorites ----------- Power Improved Ion Engine Engine Improved Ion Engine Propulsion Improved Aluminum Leg Leg Improved Aluminum Leg Wheel Compact Wheel Utility High-capacity Storage Unit Device Seismic Detector Storage High-capacity Storage Unit Protection Light Armor Plating Weapon Spread Laser Energy Gun Spread Laser Launcher Grenade Launcher Special Weapon Mining Laser Build | -11 -10 -10 -10 ------- Run | Yrd Mat Min Sub Slots Evolved . | . . . . Power . | . . . . Propulsion . | . . . . Utility . | . . . . Weapon . | . . . . Parts Attached 41 | 9 19 8 5 Power 7 | 2 2 1 2 Engine 7 | 2 2 1 2 Core . | . . . . Reactor . | . . . . Propulsion 5 | 2 2 . 1 Treads . | . . . . Leg 3 | . 2 . 1 Wheel 2 | 2 . . . Hover . | . . . . Flight . | . . . . Utility 8 | 3 4 1 . Device 2 | 1 1 . . Storage 3 | 2 1 . . Processor . | . . . . Hackware . | . . . . Protection 3 | . 2 1 . Artifact . | . . . . Weapon 21 | 2 11 6 2 Energy Gun 13 | 2 7 2 2 Energy Cannon . | . . . . Ballistic Gun . | . . . . Ballistic Cannon . | . . . . Launcher 7 | . 4 3 . Special Weapon 1 | . . 1 . Impact Weapon . | . . . . Slashing Weapon . | . . . . Piercing Weapon . | . . . . Special Melee Weapon . | . . . . Unidentified Prototypes 1 | . 1 . . Parts Lost . | . . . . Power . | . . . . Propulsion . | . . . . Utility . | . . . . Weapon . | . . . . Highest Loss Streak . | . . . . To Critical Strikes . | . . . . Average Slot Usage (%) 99 | . 98 100 100 Engine 13 | . 13 14 14 Leg 24 | . 8 28 28 Wheel 3 | . 19 . . Storage 14 | . 14 14 14 Protection 13 | . 12 14 14 Energy Gun 12 | . 25 2 21 Launcher 14 | . 1 25 6 Peak Build Rating 17 | 7 14 14 17 Average Rating 12 | 6 11 13 14 On Entrance 8 | . 7 12 14 Naked Turns 3 | . . . 3 Heaviest Build 57 | 14 52 57 57 Greatest Support 26 | 26 26 26 26 Greatest Overweight (x) 3 | . 3 2 2 Average Overweight (x) 1 | . . 1 1 Largest Inventory Capacity 20 | 8 20 20 20 Average Capacity 18 | 7 17 20 19 Most Carried 20 | 7 13 20 20 Average Carried 16 | 5 10 18 19 Final Capacity 20 | 8 20 20 5 Final Carried 20 | 7 13 20 5 Class Distribution -------------------- 100% | Mutant Dominant Class ---------------- Mutant | -10/Materials Mutant | -10/Mines Mutant | -10/Subcaves Resources | -11 -10 -10 -10 ----------- Run | Yrd Mat Min Sub Matter Collected 918 | 318 241 206 153 Remotely . | . . . . Salvage Created 707 | 245 264 112 86 Parts 61 | 16 27 13 5 Haulers Intercepted 1 | . 1 . . Recyclers Shooed 1 | . . 1 . Parts Field Recycled . | . . . . Retrieved Matter . | . . . . Parts Self-Destructed 10 | . . . 10 Prevented . | . . . . Kills | -11 -10 -10 -10 ------- Run | Yrd Mat Min Sub Combat Hostiles Destroyed 18 | . 9 5 4 Guns 5 | . . 2 3 AOE 13 | . 9 3 1 Classes Destroyed 10 | 3 4 2 1 Worker 2 | 2 . . . Builder 1 | . 1 . . Tunneler 7 | 6 . 1 . Hauler 1 | . 1 . . Recycler 3 | 1 2 . . Watcher 1 | . 1 . . Swarmer 12 | . 9 3 . Grunt 2 | . . 1 1 Sentry 3 | . . 2 1 Subdweller 2 | . . . 2 Best Kill Streak 7 | 3 7 4 2 Combat Bots Only 6 | . 6 3 2 Max Kills in Single Turn 3 | 1 3 2 1 Gunslinging . | . . . . Exploded 3 | . 3 1 1 Melee . | . . . . Uniques/NPCs Destroyed . | . . . . Combat | -11 -10 -10 -10 -------- Run | Yrd Mat Min Sub Hostile Shots Fired 75 | . 25 22 28 Missed 23 | . 8 7 8 Damage Taken 866 | . 147 238 481 Core 251 | . 55 110 86 Absorbed by Shields . | . . . . Redirected to Shielding 1 | . 1 . . Core Remaining (%) 100 | 100 . . . Volleys Fired 46 | 16 13 8 9 Largest 2 | 2 2 2 2 Hottest 130 | 90 130 130 130 Shots Fired 74 | 32 16 12 14 Gun 59 | 32 9 8 10 Cannon . | . . . . Launcher 15 | . 7 4 4 Special . | . . . . Kinetic . | . . . . Thermal 58 | 32 8 8 10 Explosive 15 | . 7 4 4 Electromagnetic 1 | . 1 . . Robot Hit Streak 13 | 6 13 10 8 Robot Miss Streak 4 | 3 4 2 3 Penetration Max . | . . . . Secondary Targets 2 | . . 1 1 Max Gunslinging Chain 1 | . . 1 1 Shots Hit Robots 52 | 21 12 8 11 Core Hits 68 | 10 24 17 17 Critical Kills . | . . . . Critical Parts Destroyed . | . . . . Critical Strikes 1 | 1 . . . Burn 1 | 1 . . . Melee Attacks . | . . . . Impact . | . . . . Slashing . | . . . . Piercing . | . . . . Sneak Attacks . | . . . . Combat Hostiles . | . . . . Follow-up Attacks . | . . . . Damage Inflicted 1709 | 256 629 488 336 Guns 712 | 256 139 147 170 Cannons . | . . . . Explosions 997 | . 490 341 166 Melee . | . . . . Ramming . | . . . . Kinetic . | . . . . Thermal 701 | 256 128 147 170 Explosive 997 | . 490 341 166 Electromagnetic 11 | . 11 . . Impact . | . . . . Slashing . | . . . . Piercing . | . . . . Highest Corruption . | . . . . Average Corruption . | . . . . Corruption Purged . | . . . . Corruption Blocked . | . . . . Overload Shots . | . . . . Overflow Damage 13 | . 6 7 . Projectiles . | . . . . Explosions 13 | . 6 7 . Melee . | . . . . Knockbacks . | . . . . Impact . | . . . . Kinetic . | . . . . Secondary . | . . . . Self-Inflicted Damage 85 | . . 38 47 Shots 2 | . . 1 1 Rammed . | . . . . Targets Rammed . | . . . . Kicked . | . . . . Crushed . | . . . . Highest Temperature 303 | 90 69 303 84 Average Temperature 58 | 31 31 154 39 Received Heat Transfer 138 | . . 36 102 Siege Activations . | . . . . Robots Corrupted . | . . . . Combat Hostiles . | . . . . Parts Fried . | . . . . Impact Corruptions . | . . . . Robots Melted . | . . . . Combat Hostiles . | . . . . Parts Melted 3 | 1 . 1 1 Heat Transferred 1273 | 743 150 175 205 Parts Sabotaged . | . . . . Parts Stolen . | . . . . Parts Stripped . | . . . . Power Chain Reactions . | . . . . Alert | -11 -10 -10 -10 ------- Run | Yrd Mat Min Sub Peak Influence 320 | 45 320 170 . Initial 46 | . 29 46 . Average 76 | 21 180 50 . Maximum Alert Level 1 | . 1 . . Low Security (%) 87 | 100 46 100 . Level 1 12 | . 53 . . Level 2 . | . . . . Level 3 . | . . . . Level 4 . | . . . . Level 5 . | . . . . High Security . | . . . . Max Security . | . . . . Squads Dispatched . | . . . . Investigation . | . . . . Extermination . | . . . . Reinforcement . | . . . . Assault . | . . . . Garrison . | . . . . Intercept . | . . . . Searches Triggered . | . . . . Construction Impeded . | . . . . Haulers Reinforced . | . . . . Active Scanning Responses . | . . . . Cargo Convoy Interrupts . | . . . . Stealth | -11 -10 -10 -10 --------- Run | Yrd Mat Min Sub Distress Signals . | . . . . Communications Jammed . | . . . . Distress Signals . | . . . . Times Spotted 23 | . 9 7 7 Peak Tracking Total 3 | . 3 3 2 Tactical Retreats . | . . . . Traps | -11 -10 -10 -10 ------- Run | Yrd Mat Min Sub Traps Triggered . | . . . . Indirectly . | . . . . Trap Hack Attempts . | . . . . Triggered . | . . . . Disarmed . | . . . . Reprogrammed . | . . . . Reused . | . . . . Traps Extracted . | . . . . Installed . | . . . . Triggered . | . . . . Most Traps Carried 1 | . . 1 1 Machines | -11 -10 -10 -10 ---------- Run | Yrd Mat Min Sub Machines Disabled 3 | . 3 . . Max in Single Turn 2 | . 2 . . Machines Repaired . | . . . . Machines Dismantled . | . . . . Machines Sabotaged . | . . . . Overloaded Fab Kills . | . . . . Hacking | -11 -10 -10 -10 --------- Run | Yrd Mat Min Sub Machines Accessed . | . . . . Terminals . | . . . . Fabricators . | . . . . Repair Stations . | . . . . Recycling Units . | . . . . Scanalyzers . | . . . . Garrison Access . | . . . . Total Hacks . | . . . . Successful . | . . . . Failed . | . . . . Catastrophic . | . . . . Database Lockouts . | . . . . Manual . | . . . . Terminals . | . . . . Fabricators . | . . . . Repair Stations . | . . . . Recycling Units . | . . . . Scanalyzers . | . . . . Garrison Access . | . . . . Terminal Hacks . | . . . . Fabricator Hacks . | . . . . Repair Station Hacks . | . . . . Recycling Unit Hacks . | . . . . Scanalyzer . | . . . . Garrison Access Hacks . | . . . . Unauthorized Hacks . | . . . . Terminals . | . . . . Fabricators . | . . . . Repair Stations . | . . . . Recycling Units . | . . . . Scanalyzers . | . . . . Garrison Access . | . . . . Data Cores Recovered . | . . . . Used . | . . . . Hacking Detections . | . . . . Full Trace Events . | . . . . Feedback Events . | . . . . Feedback Blocked . | . . . . Robot Schematics Acquired . | . . . . Robots Built . | . . . . Authchips . | . . . . Time . | . . . . Total Robot Build Rating . | . . . . Part Schematics Acquired . | . . . . Parts Built . | . . . . Authchips . | . . . . Time . | . . . . Total Part Build Rating . | . . . . Parts Repaired . | . . . . Time . | . . . . Parts Recycled . | . . . . Recycled Matter . | . . . . Retrieved Matter . | . . . . Retrieved Components . | . . . . Parts Scanalyzed . | . . . . Part Schematics Acquired . | . . . . Parts Damaged . | . . . . Bothacking | -11 -10 -10 -10 ------------ Run | Yrd Mat Min Sub Used RIF Installer . | . . . . Robots Hacked . | . . . . Non-combat . | . . . . Combat . | . . . . Robot Hacks Applied . | . . . . Relay Couplers Released . | . . . . Fabnet Peak Effective % . | . . . . Robots Rewired . | . . . . Allies Hacked . | . . . . Hacks Repelled . | . . . . Allies | -11 -10 -10 -10 -------- Run | Yrd Mat Min Sub Total Allies 3 | . . 3 . Largest Group 3 | . . 3 1 Highest-Rated Group 40 | . . 40 16 Highest-Rated Ally 16 | . . 16 16 Total Orders . | . . . . Ally Attacks 28 | . . 18 10 Total Damage 249 | . . 152 97 Kills 5 | . . 3 2 Allies Corrupted . | . . . . Allies Melted . | . . . . Intel | -11 -10 -10 -10 ------- Run | Yrd Mat Min Sub Robot Analysis Total . | . . . . Derelict Logs Recovered 2 | . . 2 . Drone Launches . | . . . . Drone Recoveries . | . . . . Exploration | -11 -10 -10 -10 ------------- Run | Yrd Mat Min Sub Turns Passed 2945 | 245 471 1353 876 Spaces Moved 1317 | 166 312 511 328 Core 7 | 1 . . 6 Treads . | . . . . Legs 905 | . 72 511 322 Wheels 405 | 165 240 . . Hover . | . . . . Flight . | . . . . Fastest Speed 50 | 50 90 190 50 Average Speed 203 | 90 121 256 256 Slowest Speed 330 | 100 330 260 260 Overloaded Moves . | . . . . Propulsion Burnouts . | . . . . Robots Hopped . | . . . . Cave-ins Triggered . | . . . . Exploration Rate (%) 41 | 6 39 95 24 Regions Visited 3 Branch Regions 2 Pre-discovered Areas 1 | . . 1 . Known Exits Taken . | . . . . Unknown Exits Taken 3 | 1 1 1 . Scrap Searched 1 | . . 1 . Spaces Dug . | . . . . Terrain Destroyed 87 | . 20 33 34 Melee . | . . . . Projectile . | . . . . AOE 87 | . 20 33 34 Terrain Rammed . | . . . . Walls Destroyed . | . . . . Machines Disabled . | . . . . Actions | -11 -10 -10 -10 --------- Run | Yrd Mat Min Sub Total 1510 | 225 392 545 348 Wait 48 | 29 15 . 4 Move 1314 | 165 311 510 328 Hop . | . . . . Pick Up 31 | 5 14 12 . Fast Attach 16 | 8 7 . 1 Attach 2 | . 1 1 . Detach 4 | 1 2 . 1 Swap 23 | 1 11 7 4 Drop 26 | . 18 7 1 Fire 46 | 16 13 8 9 Melee . | . . . . Ram . | . . . . Kick . | . . . . Crush . | . . . . Escape Stasis . | . . . . Rewire . | . . . . Trap . | . . . . Miscellaneous . | . . . . Route ------- -11/Scrapyard -10/Materials (discovered 3 exits: [*Mat] / [*Min x2]) -10/Mines (discovered 3 exits: [*Mat x2] / [*Sub]) -10/Subcaves (discovered 1 exit: Rec) History --------- Turn | Location | Event 11 | -11/Scrapyard | Discovered new exit (range 15) 246 | -11/Scrapyard | Entered Materials 315 | -10/Materials | Build established: Mutant 369 | -10/Materials | Discovered new exit (range 5) 422 | -10/Materials | Discovered new exit (range 15) 437 | -10/Materials | Discovered new exit (range 9) 717 | -10/Materials | Entered Mines 775 | -10/Mines | Core integrity fell below 50% 880 | -10/Mines | Learned location of Storage (-7) 1157 | -10/Mines | Received a Rocket Launcher from a helpful Derelict 1211 | -10/Mines | Discovered new exit (range 5) 1354 | -10/Mines | Assisted by bots powering up and referring to "LRC-V3" 1486 | -10/Mines | Found DCF Scrap (13 items) 1778 | -10/Mines | Discovered new exit (range 12) 1856 | -10/Mines | Found a hidden stash of uninstalled traps 1875 | -10/Mines | Learned Materials terminal intel 1896 | -10/Mines | A weapon hastily lodged in a ceiling crevice suddenly fell to the ground 2052 | -10/Mines | Discovered new exit (range 8) 2070 | -10/Mines | Entered Subcaves 2070 | -10/Subcaves | Accompanied by 1 ally 2071 | -10/Subcaves | Identified exit to Recycling 2611 | -10/Subcaves | Shifting Twisted Machinery released Mak. Power Source 2929 | -10/Subcaves | Core integrity fell below 20% 2943 | -10/Subcaves | Released all parts (7) 2946 | -10/Subcaves | Destroyed by G9-P40(R) with Subdweller Laser Last Messages --------------- Mak. Power Source falls loose from the Twisted Machinery. 02628_ Dropped Lgt. Ion Engine. 02629_ Acquired Mak. Power Source. 02688_ Trooper 1a destroyed. 02692_ SW-ADK(R) destroyed. 02692_ Switching to secondary target: AN-O2E(R). 02700_ AN-O2E(R) affixes Scrap Shield Fragment to Scrap Shield. 02701_ AN-O2E(R) destroyed. 02702_ Subatomizers dissect the Lgt. Nuclear Core. 02706_ Acquired 17 matter. 02711_ Acquired 43 matter. 02725_ Subatomizers dissect the Lgt. Nuclear Core. 02857_ Acquired 29 matter. 02943_ Released Imp. Ion Engine. 02943_ Released Spread Laser. 02943_ Released Lgt. Armor Plating. 02943_ Released Hcp. Storage Unit. 02943_ Released Imp. Aluminum Leg. 02943_ Released Spread Laser. 02943_ Released Imp. Aluminum Leg. Map ----- +----------------------------------------------------+ | ?????????????????????????????????????????????????? | | ?????????????????????????????????????????????????? | | ?????????????????????????????????????????????????? | | ?????????????????????????????????????????????????? | | ?????????????????????????????????????????????????? | | ?????????????????????????????????????????????????? | | ?????????????????????????????????????????????????? | | ?????????????????????????????????????????????????? | | ??????????????????????# #????????????????????????? | | ?????????????????????? ????????????????????????? | | ?????????????????????? ????????????????????????? | | ?????????????????????? ????????????????????????? | | ?????????????????????? ????????????????????????? | | ?????????????????????? ????????????????????????? | | ??????????????????????# ????????????????????????? | | ?????????????????????## #???????????????????????? | | ?????????????????????? #???????????????????????? | | ?????????????????????? ???????????????????????? | | ??????????????????????# #????????#####??????????? | | ?????????????????????## ???????## #??????????? | | ????????????????????## ?????### #??????????? | | ???????????????????## #????## ##??????????? | | ???????????????????# ##?### ###???????????? | | ?????????????####???# ### ##????????????? | | ?????????????# ?## #????????????? | | ???????????## # @ #####????????????? | | ???????????# # R ####??????????????? | | ??????????# ## #############??? | | ??????????# =! ## ###? | | ???????????# ### R =*[][ ### #### ## | | ???????????%% ???# ### ]!![] #?# ##??## # | | ???????????? ###????##??##=&!**|# ### #????# | | ?????????????????????????###][=[# # #????# | | ???????????????????????????###### ##???# # | | ????????????????????????????????## #??# ### | | ?????????????????????????????????###### """ # #?? | | ??????????????????????????????????????? """" ?? | | ???????????????????????????????????????# "" " ? | | ????????????????????????????????????????####"" | | ???????????????????????????????????????????# " ? | | ???????????????????????????????????????????" " ? | | ???????????????????????????????????????????# "## ? | | ???????????????????????????????????????????##???#? | | ?????????????????????????????????????????????????? | | ?????????????????????????????????????????????????? | | ?????????????????????????????????????????????????? | | ?????????????????????????????????????????????????? | | ?????????????????????????????????????????????????? | | ?????????????????????????????????????????????????? | | ?????????????????????????????????????????????????? | +----------------------------------------------------+ Best States ------------- Heat Dissipation 25 Energy Generation 15 Energy Capacity 265 Matter Stores 350 Matter Capacity 350 Sight Range 16 Terrain Scan Density 10 Armor Coverage 150 Utility Shielding 33 Evasion (%) 42 Item Schematics ----------------- None Robot Schematics ------------------ None Fabricated ------------ Nothing Alien Tech Used ----------------- None Achievements -------------- Backstab Challenges ------------ None Game ------ Seed DispersionNuclearMachine Manual? 0 Play Time 00:20:16 Cumulative 2.1 hours Start 2024.08.08 @ 00:17:57 End 2024.08.08 @ 19:41:59 Sessions 5 Manual Loads 0 Difficulty Rogue Special Mode None Game No. 4 Rogue 4 Adventurer 0 Explorer 0 Win Type - Total 0 Types 0/0/0/0/0/0/0/0/0 Lore% 3 Gallery% 4 Achievement% 5 Wizard Run 0 Options --------- Layout 0 ASCII 1 Keyboard 0 Movement Mouse Keybinds 0 Fullscreen 1 Font 24/X11 Map View 76x50 Zoom Use 0% Tactical HUD 1 Map Filters NONE Filters NONE Steam 0 RUN: f71618bc-6a8e-4192-a7fb-339845f6c49e